 Dungeon Crawl Stone Soup version 0.29-a0-283-ga02f740833 (webtiles) character file.

Game seed: 15541343982462119520

3437 spaghetti the Peltast (level 10, 0/87 (90) HPs)
             Began as a Tengu Berserker on Mar 13, 2022.
             Was an Elder of Trog.
             Slain by a wight
             ... wielding a +3 spear of freezing
              (5 damage)
             ... on level 7 of the Dungeon.
             The game lasted 00:10:51 (6225 turns).

spaghetti the Peltast (Tengu Berserker)             Turns: 6225, Time: 00:10:52

HP:   0/87 (90)     AC:  5    Str: 24    XL:     10   Next: 5%
MP:   11/11         EV: 14    Int:  7    God:    Trog [****..]
Gold: 364           SH:  0    Dex: 15    Spells: 9/9 levels left

rFire   . . .      SeeInvis .   f - +4 falchion of Vodka {chaos, rElec Str+3, long}
rCold   . . .      Faith    .   (no shield)
rNeg    . . .      Spirit   .   b - +0 animal skin
rPois   .          Reflect  .   (helmet restricted)
rElec   +          Harm     .   A - +0 cloak
rCorr   .          Rampage  .   l - +0 pair of gloves
Will    .....                   (boots unavailable)
Stlth   ..........              h - amulet of regeneration {@e2}
HPRegen 1.04/turn               (no ring)
MPRegen 0.12/turn               (no ring)

@: berserking, flying quickly and evasively, lightly drained, very quick
A: beak, talons 3, nimble flight
a: Renounce Religion, Berserk, Trog's Hand, Brothers in Arms


You were on level 7 of the Dungeon.
You worshipped Trog.
Trog was greatly pleased with you.
You visited 1 branch of the dungeon, and saw 7 of its levels.

You collected 364 gold pieces.


Innate Abilities, Weirdness & Mutations

You have a beak for a mouth.
You have claws for feet.
Your magical nature lets you fly swiftly and evasively.


   Skills:
 + Level 6.0 Fighting
 - Level 3.2 Maces & Flails
 - Level 7.2 Armour
 - Level 2.1 Dodging
 - Level 15.0 Shields


You had 9 spell levels left.
You didn't know any spells.
Your spell library contained the following spells:

 Spells                   Type           Power      Damage    Failure   Level
 Summon Small Mammal      Summ           0%         N/A       43%         1
 Corpse Rot               Necr/Air       0%         N/A       56%         2
 Call Canine Familiar     Summ           0%         N/A       80%         3
 Conjure Flame            Conj/Fire      0%         6-21      80%         3
 Ignite Poison            Fire/Tmut/Pois 0%         N/A       80%         3
 Summon Guardian Golem    Hex/Summ       0%         N/A       80%         3
 Dispel Undead            Necr           0%         3d6       99%         4
 Sticky Flame             Conj/Fire      0%         2d3       99%         4
 Death Channel            Necr           0%         N/A       100%        6

Inventory:

Hand Weapons
 f - the +4 falchion of Vodka (weapon) {chaos, rElec Str+3, long}
   (You found it on level 5 of the Dungeon)

   Each time it hits an enemy it has a different, random effect.
   Str:       It affects your strength (+3).
   rElec:     It insulates you from electricity.
Missiles
 a - 11 poisoned darts {throwing}
 j - 6 curare-tipped darts {=fthrowing}
 o - 201 stones (quivered) {throwing}
 p - 3 boomerangs {throwing}
Armour
 b - a +0 animal skin (worn)
 l - a +0 pair of gloves (worn)
   (You found it on level 2 of the Dungeon)
 A - a +0 cloak (worn)
   (You took it off Crazy Yiuf on level 4 of the Dungeon)
Magical Staves
 v - a staff of air {forbidden!astaff}
   (You found it on level 3 of the Dungeon)
 C - a staff of conjuration {forbidden!a@e2staff}
   (You found it on level 4 of the Dungeon)
Jewellery
 d - a ring of positive energy
   (You found it on level 1 of the Dungeon)
 h - an amulet of regeneration (around neck) {@e2}
   (You found it on level 1 of the Dungeon)
Wands
 x - a wand of acid (12)
   (You found it on level 4 of the Dungeon)
Scrolls
 c - a scroll of identify {@r1}
 i - a scroll of fear
 n - 4 scrolls of magic mapping {!r}
 r - 4 scrolls of teleportation {@r4}
 s - a scroll of holy word
 u - a scroll of immolation {!r!r}
 F - a scroll of enchant weapon {unknown}
Potions
 e - a potion of lignification {!q}
 g - a potion of curing {@q1}
 q - a potion of invisibility {unknown}
 t - 2 potions of haste {unknown}
 w - 2 potions of might {unknown}
 z - 2 potions of berserk rage {unknown}
 G - a potion of resistance {unknown}

Dungeon Overview and Level Annotations

Branches:
Dungeon (7/15)             Temple (0/1) D:5

Altars:
Fedhas

Shops:
D:4 **= D:5

( .......# ##.....## #.# #.#
####...## ##.......###<## ##.#
###.....####.........###[###.##
...........'........>'..[....#
####....####........>####...##
#.#.## ##.......## ##.## #.###
##.<...## #..# #.# ##)..## #.##
..# ##@## #.# .## #)# #.#
######z# #.# .....#.########.#
#..(.......#.# #z.(..####)#.#
#..(.##......# #
#.###.#.###.##.### #
#...........##.#


You could see a wight.


Message History

You see here a +0 robe.
Key pressed, stopping explore.
Found two stone staircases leading down.
There is an open door here.
Found a stone staircase leading up.
A wight comes into view. It is wielding a +2 falchion.
The wight moves out of view.
A wight is nearby!
A wight is nearby!
A wight is nearby!
You throw a stone {throwing}.
The stone {throwing} hits the wight but does no damage.
You throw a stone {throwing}.
The stone {throwing} hits the wight but does no damage.
A wight comes into view. It is wielding a +0 great sword.
You throw a stone {throwing}.
The stone {throwing} barely misses the wight.
You throw a stone {throwing}.
The stone {throwing} hits the wight but does no damage.
A wight comes into view. It is wielding a +3 dire flail.
You throw a stone {throwing}.
The stone {throwing} closely misses the wight.
You hit the wight. You burn the wight. You peck the wight, but do no damage.
The wight hits you with a +2 falchion.
You feel drained.
A wight comes into view. It is wielding a +5 flail.
The wight barely misses you. 😎 HP[-1]
You now have 58 max hp (-1).
You hit the wight but do no damage. Your kick misses the wight.
Your peck misses the wight. The wight misses you.
A wight comes into view. It is wielding a +3 spear of freezing.
The wight barely misses you.
There is an open door here.
You slash the wight!
The wight resists with some effort.
The wight hits you with a +3 dire flail!
You feel drained. The wight barely misses you. 😕 HP[-13]
You now have 56 max hp (-2).
You take 13 damage, and now have 45/56 hp.
MASSIVE DAMAGE!! (PAUSE)
A red film seems to cover your vision as you go berserk!
You feel yourself moving faster!
You feel mighty!
The wight hits you with a +3 dire flail!
You feel drained.
The wight hits you with a +2 falchion! 😮 HP[-5]
You now have 79 max hp (+23).
You slash the wight!
You destroy the wight!
Trog accepts your kill.
The wight hits you with a +3 dire flail!
* * * LOW HITPOINT WARNING * * *
😨 HP[-9]
You now have 84 max hp (+5).
You take 9 damage, and now have 31/84 hp.
You closely miss the wight. You claw the wight. Your peck misses the wight.
You punch the wight, but do no damage.
The wight hits you with a +3 dire flail!
* * * LOW HITPOINT WARNING * * *
😨 HP[-8]
You take 8 damage, and now have 23/84 hp.
You slash the wight! Lightning courses through the wight!
You destroy the wight!
Trog accepts your kill. 😨 HP[+1]
You now have 87 max hp (+3).
You barely miss the wight. The wight closely misses you. 😨 HP[+1]
You slash the wight! You claw the wight.
You feel the power of Trog in you as your rage grows.
You destroy the wight!
Trog accepts your kill.
Your life force feels restored.
Your Fighting skill increases to level 6!
You now have 90 max hp (+3).
You barely miss the wight.
You claw the wight, but do no damage. 😨 HP[+1]
You hit the wight. You burn the wight. Your kick misses the wight.
The wight misses you. 😨 HP[+1]
You closely miss the wight. You peck the wight.
The wight hits you from afar with a +3 spear of freezing!
* * * LOW HITPOINT WARNING * * *
The wight freezes you.
* * * LOW HITPOINT WARNING * * *
The wight misses you. 😱 HP[-8]
You take 8 damage, and now have 19/90 hp.
You slash the wight!
You destroy the wight!
Trog accepts your kill.
The wight hits you from afar with a +3 spear of freezing!
* * * LOW HITPOINT WARNING * * *
You feel drained.
* * * LOW HITPOINT WARNING * * *
The wight freezes you.
You die...

Skill      XL: |  1  2  3  4  5  6  7  8  9 10 |
---------------+-------------------------------+-----
Armour         | 3 5 6 7 |  7.2
Shields        | 4 9 13 15 | 15.0
Fighting       | 5 6 |  6.0
Maces & Flails | |  3.2
Dodging        | |  2.1

Action                   |  1- 3 |  4- 6 |  7- 9 | 10-12 || total
-------------------------+-------+-------+-------+-------++-------
Melee: Mace              |     9 |       |       |       ||     9
       Peck              |     9 |     3 |    30 |     2 ||    44
       Hand axe          |    39 |    44 |       |       ||    83
       Kick              |     3 |    12 |    62 |     4 ||    81
       Quarterstaff      |       |       |    87 |       ||    87
       Falchion          |       |       |   147 |    16 ||   163
       Punch             |       |       |     1 |     1 ||     2
Throw: Dart              |     4 |     1 |       |       ||     5
       Stone             |       |     3 |   118 |     5 ||   126
Invok: Berserk           |     4 |     4 |    12 |     1 ||    21
  Use: Scroll            |     2 |     1 |     5 |       ||     8
       Potion            |     3 |       |     2 |       ||     5
 Stab: Sleeping          |     2 |     1 |     1 |       ||     4
       Paralysed         |       |       |     1 |       ||     1
Armor: Animal skin       |    10 |     5 |    75 |     1 ||    91
       Skin              |       |       |    14 |       ||    14
Dodge: Dodged            |    30 |    20 |   179 |     8 ||   237

Levels and vault maps discovered:
D:1:      dpeg_arrival_rooms_c, layout_loops_ring,
          ebering_ecumenical_altar_sacrificial
D:2:      layout_loops_cross, hangedman_abyss_or_decor_stabs, st_stairs_10
D:3:      layout_loops_ring, uniq_sigmund
D:4:      layout_basic, kennysheep_another_room, nicolae_wooded_promenade,
          uniq_crazy_yiuf_cottage
D:5:      kennysheep_spiral_hall, layout_basic,
          mainiacjoe_overflow_concentric_impassable, minmay_temple_entry_waves,
          serial_shops, nicolae_shop_trees, minivault_11, uniq_prince_ribbit1,
          uniq_edmund
D:6:      layout_gridville, patterned_corridor
D:7:      layout_loops_corners, enter_ossuary_3, chequers_serial_rivers_small_a,
          minmay_misc_feat_pillars, grunt_decor_junction

Notes
Turn   | Place    | Note
-------+----------+-------------------------------------------
     0 | D:1      | spaghetti the Tengu Berserker began the quest for the Orb.
     0 | D:1      | Reached XP level 1. HP: 14/14 MP: 2/2
     0 | D:1      | magus.rc [v1.9.6]
   189 | D:1      | Reached XP level 2. HP: 14/19 MP: 3/3
   334 | D:1      | Reached skill level 3 in Armour
   728 | D:1      | Found a faded altar of an unknown god.
   867 | D:2      | Reached XP level 3. HP: 23/23 MP: 4/4
  1069 | D:2      | Reached skill level 4 in Armour
  1677 | D:3      | Reached ** piety under Trog
  1678 | D:3      | Reached skill level 5 in Armour
  1678 | D:3      | Reached XP level 4. HP: 17/28 MP: 5/5
  1928 | D:3      | Noticed Sigmund
  1935 | D:3      | Killed Sigmund
  1936 | D:3      | Reached skill level 6 in Armour
  1936 | D:3      | Gained mutation: Your magical nature lets you fly swiftly
                  | and evasively. [Tengu growth]
  1936 | D:3      | Reached XP level 5. HP: 27/32 MP: 6/6
  1936 | D:3      | Reached XP level 6. HP: 31/37 MP: 7/7
  1996 | D:3      | Reached skill level 7 in Armour
  2054 | D:3      | Identified a scroll of acquirement
  2054 | D:3      | Acquired a manual of Shields
  2291 | D:3      | Reached skill level 1 in Shields
  2443 | D:4      | Reached skill level 3 in Shields
  2674 | D:4      | Reached skill level 4 in Shields
  2738 | D:4      | Found a runed translucent door.
  2739 | D:4      | Noticed Crazy Yiuf
  2762 | D:4      | Noticed an ice beast
  2785 | D:4      | Killed Crazy Yiuf
  2786 | D:4      | Reached XP level 7. HP: 41/41 MP: 8/8
  2826 | D:4      | Reached skill level 5 in Shields
  2918 | D:4      | Reached skill level 6 in Shields
  3084 | D:4      | Reached *** piety under Trog
  3114 | D:4      | Found Ilu Hiuw's Assorted Antiques.
  3116 | D:4      | Found Ejoes's General Store.
  3118 | D:4      | Found Okum Nue's Jewellery Emporium.
  3441 | D:5      | Entered Level 5 of the Dungeon
  3442 | D:5      | Found a staircase to the Ecumenical Temple.
  3449 | D:5      | Reached skill level 7 in Shields
  3462 | D:5      | You pick up a book of Decay {forbidden} and begin
                  | reading...
  3462 | D:5      | You add the spells Corpse Rot, Dispel Undead and Death
                  | Channel to your library.
  3513 | D:5      | Reached skill level 8 in Shields
  3586 | D:5      | Found a blossoming altar of Fedhas.
  3601 | D:5      | Noticed Edmund
  3609 | D:5      | Killed Edmund
  3610 | D:5      | Reached skill level 9 in Shields
  3610 | D:5      | Reached XP level 8. HP: 46/46 MP: 9/9
  3826 | D:5      | Noticed a yak
  3835 | D:5      | Killed a yak
  3836 | D:5      | Reached skill level 10 in Shields
  3938 | D:5      | Identified the +4 falchion of Vodka {chaos, rElec Str+3}
  3974 | D:5      | Found Qiobaput's Antique Weapon Shoppe.
  4022 | D:5      | Reached skill level 11 in Shields
  4050 | D:5      | Noticed Prince Ribbit
  4058 | D:5      | Killed Prince Ribbit
  4059 | D:5      | Reached skill level 12 in Shields
  4412 | D:6      | Reached skill level 13 in Shields
  4412 | D:6      | Reached XP level 9. HP: 48/50 MP: 10/10
  4772 | D:6      | Reached skill level 14 in Shields
  4934 | D:6      | You add the spells Conjure Flame, Ignite Poison and Sticky
                  | Flame to your library.
  5453 | D:7      | You pick up a book of Callings {forbidden} and begin
                  | reading...
  5453 | D:7      | You add the spells Summon Small Mammal, Call Canine
                  | Familiar and Summon Guardian Golem to your library.
  5583 | D:7      | Reached skill level 15 in Shields
  5881 | D:7      | Reached skill level 4 in Fighting
  6042 | D:7      | Reached skill level 5 in Fighting
  6059 | D:7      | Reached XP level 10. HP: 48/59 MP: 11/11
  6060 | D:7      | Reached **** piety under Trog
  6100 | D:7      | Found a sand-covered staircase.
  6222 | D:7      | Reached skill level 6 in Fighting
  6224 | D:7      | HP: 20/90 [wight/+3 spear of freezing (8)]
  6225 | D:7      | HP: 9/90 [wight/+3 spear of freezing (11)]
  6225 | D:7      | Slain by a wight

Vanquished Creatures
  Prince Ribbit (D:5)
  Sigmund (D:3)
  A yak (D:5)
  2 steam dragons
  Edmund (D:5)
  A water moccasin (D:6)
  3 ice beasts
  3 sky beasts (D:7)
  3 ogres
  A centaur (D:6)
  A kobold brigand (D:7)
  A bullfrog (D:6)
  A necrophage (D:5)
  4 scorpions
  9 wights (D:7)
  3 jellies
  An orc priest (D:3)
  Crazy Yiuf (D:4)
  6 hounds
  2 iguanas
  4 orc wizards
  9 adders
  4 gnolls (D:3)
  2 white imps (D:6)
  An ufetubus (D:5)
  A worm (D:2)
  3 dart slugs
  22 orcs
  5 ball pythons
  4 bats (D:2)
  7 endoplasms
  5 giant cockroaches
  3 goblins
  4 hobgoblins
  3 jackals (D:5)
  12 kobolds
  3 quokkas
  4 frilled lizards
  3 rats
145 creatures vanquished.

Table legend:
 A = Non-vault XP
 B = Vault XP
 C = Vault XP percentage of total XP
 D = Non-vault monster count
 E = Vault monster count
 F = Vault count percentage of total count
                 A         B        C        D         E       F
            +---------+---------+-------+---------+---------+-------
      Total |    3828 |    1161 |  23.3 |     132 |      13 |   9.0
            +---------+---------+-------+---------+---------+-------
        D:1 |      17 |       0 |   0.0 |       9 |       0 |   0.0
        D:2 |      26 |      20 |  43.5 |      13 |       5 |  27.8
        D:3 |     177 |     226 |  56.1 |      25 |       1 |   3.8
        D:4 |     403 |      40 |   9.0 |      23 |       1 |   4.2
        D:5 |     493 |     875 |  64.0 |      19 |       6 |  24.0
        D:6 |    1130 |       0 |   0.0 |      14 |       0 |   0.0
        D:7 |    1582 |       0 |   0.0 |      29 |       0 |   0.0
            +---------+---------+-------+---------+---------+-------

Illustrated notes

Table legend:
 A = Kills in this place as a percentage of kills in entire the game.
 B = Kills by you in this place as a percentage of kills by you in the entire game.
 C = Kills by friends in this place as a percentage of kills by friends in the entire game.
 D = Other kills in this place as a percentage of other kills in the entire game.
 E = Experience gained in this place as a percentage of experience gained in the entire game.
 F = Experience gained in this place divided by the number of levels of this place that you have seen.
                   A       B       C       D       E      F
               +-------+-------+-------+-------+-------+----------------------
         Total | 100.0 | 100.0 |   N/A |   N/A | 100.0 | 712.7
       Dungeon | 100.0 | 100.0 |   N/A |   N/A | 100.0 | 712.7
               +-------+-------+-------+-------+-------+----------------------

Table legend: (Time is in decaauts)
 A = Elapsed time spent in this place.
 B = Non-inter-level travel time spent in this place.
 C = Inter-level travel time spent in this place.
 D = Time resting spent in this place.
 E = Time spent auto-exploring this place.
 F = Levels seen in this place.
 G = Mean time per level.
                   A        B        C        D        E       F      G
               +--------+--------+--------+--------+--------+-----+--------+
         Total |   6179 |   6045 |    134 |    838 |   4047 |   7 |  882.7 |
       Dungeon |   6179 |   6045 |    134 |    838 |   4047 |   7 |  882.7 |
               +--------+--------+--------+--------+--------+-----+--------+

Top non-repeatable levels by time:
     D:6: 1058 daAuts
     D:4: 986 daAuts
     D:1: 887 daAuts
     D:5: 885 daAuts
     D:3: 839 daAuts
     D:7: 798 daAuts
     D:2: 724 daAuts
